 Dungeon Crawl Stone Soup version 0.21-a0-241-g2cbab09 (webtiles) character file.

46845 Incognito the Warrior (level 14, -27/289 HPs)
             Began as an Ogre Transmuter on Sept 3, 2017.
             Was a High Priest of Okawaru.
             Annihilated by an orc knight
             ... wielding a +2 great sword
              (39 damage)
             ... on level 2 of the Orcish Mines.
             The game lasted 00:42:21 (22703 turns).

Incognito the Warrior (Ogre Transmuter)            Turns: 22703, Time: 00:42:22

Health: -27/289    AC:  6    Str: 22    XL:     14   Next: 39%
Magic:  17/25      EV: 29    Int: 16    God:    Okawaru [*****.]
Gold:   1232       SH:  0    Dex: 16    Spells: 5/28 levels left

rFire    . . .     SeeInvis .     - Unarmed
rCold    + + +     Gourm    .   (shield currently unavailable)
rNeg     . . .     Faith    .   (armour currently unavailable)
rPois    +         Spirit   .   (helmet currently unavailable)
rElec    .         Reflect  .   (cloak currently unavailable)
rCorr    .         Harm     .   (gloves unavailable)
MR       +....                  (boots unavailable)
Stlth    ..........             Q - amulet of regeneration
HPRegen  0.98/turn              H - ring of protection from fire
MPRegen  0.19/turn              p - +2 ring of evasion

@: agile, berserking, ice-form, heroism, hasted, very quick
A: unfitting armour
a: End Transformation, Heroism, Finesse, Renounce Religion


You were on level 2 of the Orcish Mines.
You worshipped Okawaru.
Okawaru was extremely pleased with you.
You were not hungry.
You were a creature of crystalline ice.
You visited 4 branches of the dungeon, and saw 21 of its levels.
You also visited: Sewer.

You collected 1745 gold pieces.
You spent 513 gold pieces at shops.

Inventory:

Missiles
 e - 11 javelins (quivered)
 X - 45 arrows
Armour
 n - the cursed +0 robe of Qatenk (melded) {rPois rN++ Int+3}
   (You found it on level 4 of the Lair of Beasts)

   It affects your intelligence (+3).
   It protects you from poison.
   It greatly protects you from negative energy.
   It has a curse placed upon it.
 I - a scarf of spirit shield
 S - a scarf of resistance
 U - a +1 cloak (melded)
Jewellery
 f - an uncursed ring of protection from cold
 p - a +2 ring of evasion (right front paw)
 t - an uncursed ring of see invisible
 u - a +3 ring of dexterity
 H - a ring of protection from fire (left front paw)
 Q - an amulet of regeneration (around neck)
 T - an uncursed ring of flight
 Y - the ring "Usits" {rF+ rC- Dex+3 Stlth-}
   (You found it on level 6 of the Lair of Beasts)

   [ring of loudness]

   It affects your dexterity (+3).
   It protects you from fire.
   It makes you vulnerable to cold.
   It makes you less stealthy.
Wands
 j - a wand of iceblast (5/15)
 A - a wand of clouds (4/9)
 G - a wand of lightning (6/15)
 L - a wand of iceblast (12/15)
 P - a wand of digging (3/24)
 R - a wand of digging (13/24)
 V - a wand of acid (1/15)
 W - a wand of confusion (35/48)
 Z - a wand of acid (11/15)
Scrolls
 b - a scroll of enchant weapon
 c - a scroll of torment
 i - 5 scrolls of remove curse
 w - 3 scrolls of amnesia
 B - 2 scrolls of magic mapping
 C - a scroll of enchant armour
 D - 3 scrolls of fog
 N - a scroll of random uselessness
Potions
 a - a potion of resistance
 d - 2 potions of degeneration
 g - 8 potions of flight
 q - 3 potions of ambrosia
 r - 5 potions of magic
 x - 3 potions of mutation
 E - 4 potions of brilliance
 F - 3 potions of curing
 J - 3 potions of cancellation
Miscellaneous
 y - a fan of gales
Comestibles
 k - a bread ration
 m - 6 meat rations
 o - 26 fruits
 K - 18 royal jellies


   Skills:
 + Level 15.9(20.9) Fighting
 + Level 11.5(16.5) Dodging
 + Level 12.0(17.0) Unarmed Combat
 - Level 7.6 Spellcasting
 - Level 5.6 Transmutations
 - Level 5.1 Ice Magic
 - Level 5.0 Invocations


You had 5 spell levels left.
You knew the following spells:

 Your Spells              Type           Power        Failure   Level  Hunger
a - Regeneration          Chrm/Necr      #.........   34%         3    ##.....
b - Sticks to Snakes      Tmut           ###.....     1%          2    None
c - Spider Form           Tmut/Pois      ###.......   11%         3    ##.....
d - Ice Form              Ice/Tmut       ###.....     13%         4    ####...
e - Blade Hands           Tmut           ###.......   32%         5    #####..
f - Vampiric Draining     Necr           #.........   34%         3    ##.....
g - Mephitic Cloud        Conj/Pois/Air  #.......     34%         3    ##.....


Dungeon Overview and Level Annotations

Branches:
Dungeon (12/15)            Temple (1/1) D:6            Lair (6/6) D:11
 Shoals (0/4) Lair:2       Spider (0/4) Lair:2        Slime (0/5) Lair:5
    Orc (2/2) D:12            Elf (0/3) Orc:2

Altars:
Ashenzari
Cheibriados
Dithmenos
Elyvilon
Fedhas
Gozag
Hepliaklqana
Kikubaaqudgha
Makhleb
Nemelex Xobeh
Okawaru
Qazlal
Ru
Sif Muna
Trog
Uskayaw
Vehumet
Wu Jian
Xom
Yredelemnul
Zin
The Shining One
Beogh
Jiyva

Shops:
D:4 (   D:5 !   D:11 !   Orc:2 %?=

Annotations:
D:10 exclusion: ice statue
Orc:2 George's ghost, journeyman MiFi; Nessos


Innate Abilities, Weirdness & Mutations

You are too large for most types of armour.
((You have tough skin. (AC +1)))


Message History

Unknown command.
Unknown command.
Okay, then.
Unknown command.
Okay, then.
Unknown command.
A red film seems to cover your vision as you go berserk!
Your finesse ends abruptly.
You feel yourself moving faster!
You feel mighty! The orc high priest closely misses you.
The orc warrior completely misses you. The neqoxec completely misses you.
Unknown command.
You squash the orc high priest like an ant!!!
You freeze the orc high priest!
You kill the orc high priest!
Okawaru accepts your kill.
The neqoxec disappears in a puff of smoke!
The iron imp disappears in a puff of smoke!
The neqoxec disappears in a puff of smoke!
The orc knight hits you with an enchanted great sword!!!
You die...

.......#.....* **,,##,,,..#*
........##.##* *.,##.,,,o.,*#
....#.......####.*#..,*#o#,∩#
...........#.##..##..*#o.#..**
.....#....#.###.##...#....#,∩*
.....#.......##.##...o.o..#..*
......#...#.###.##..o.o....#,*
.......###...##)#####oo4o..#,*
......####..§§.oYoo3oooo.....*
.....#*##.#..##o#####ooo...#.*
##...,*#.4...##.#*,,.o.....#,*
,...,**##..4.##.#*,,...o..#..* **
,..*,,**##.####.#*,..#....#,∩***,
,**,,,,* ### #..**o.*#..#..***,,
**,,,,********##.*#..,*#.#.∩* *,,
**,,,,*,,,**,* *.,**,,,,..,** *,,
*,,,,,,,,,,,,* **,,**,,,,,** *,,


You could see 3 orc knights, a soul eater, an orc high priest, a rust devil, an
orc sorcerer, 4 orc warriors, 2 orc priests and 2 orc wizards.

Vanquished Creatures
  A stone giant (D:12)
  4 hydras
  2 orc high priests (Orc:2)
  3 death yaks (D:11)
  Nergalle (Lair:4)
  A fire crab (Lair:4)
  4 ugly things (D:11)
  2 wolf spiders (Lair:2)
  A merfolk siren (Lair:2)
  3 elephants (Lair:2)
  4 black mambas
  25 spiny frogs
  4 rime drakes
  6 komodo dragons
  2 trolls
  Prince Ribbit (D:7)
  A queen bee (Lair:2)
  5 tyrant leeches (Lair:6)
  2 jumping spiders (Lair:2)
  A polar bear (Lair:5)
  2 hornets (D:11)
  14 blink frogs (Lair:6)
  9 hippogriffs
  4 dream sheep (Lair:4)
  Sigmund (D:3)
  3 basilisks
  A wraith (D:12)
  2 wyverns
  24 yaks
  2 hungry ghosts
  6 vampire mosquitoes (Lair:6)
  2 wargs
  Menkaure (D:6)
  2 soldier ants (D:11)
  8 water moccasins
  10 porcupines
  An ice beast (D:11)
  3 orc warriors
  3 eyes of draining
  2 sky beasts
  2 black bears
  8 ogres
  A phantom (D:12)
  2 centaurs
  11 wolves
  16 crocodiles
  2 big kobolds
  22 bullfrogs
  4 scorpions
  11 killer bees (Lair:2)
  2 howler monkeys
  3 wights (D:6)
  2 centaur zombies
  10 crimson imps
  9 hounds
  2 quasits (D:6)
  2 bullfrog zombies (D:8)
  A jelly (D:6)
  An orc priest (Orc:2)
  3 bullfrog skeletons
  7 orc wizards
  3 centaur skeletons
  2 iguanas
  14 worker ants
  A hell rat (D:11)
  A hound zombie (D:5)
  2 hound skeletons
  3 howler monkey zombies
  4 worker ant zombies
  16 adders
  7 gnolls
  6 river rats
  2 shadow imps
  2 oozes
  2 adder skeletons
  5 worms
  5 dart slugs
  2 leopard geckos
  30 orcs
  4 bats
  4 giant cockroaches
  8 goblins (D:1)
  10 hobgoblins
  20 jackals
  19 kobolds
  7 quokkas
  4 frilled lizards
  2 leopard gecko skeletons
  14 rats
493 creatures vanquished.

Vanquished Creatures (collateral kills)
  A gnoll (D:2)
  A jackal (D:2)
  A goblin (D:2)
  A kobold (D:2)
4 creatures vanquished.

Vanquished Creatures (others)
  5 fungi (Lair:6)
  25 plants
30 creatures vanquished.

Grand Total: 527 creatures vanquished

Notes
Turn   | Place    | Note
-------+----------+-------------------------------------------
     0 | D:1      | Incognito the Ogre Transmuter began the quest for the Orb.
     0 | D:1      | Reached XP level 1. HP: 19/19 MP: 3/3
     6 | D:1      | Noticed a polar bear
     6 | D:1      | Noticed a wolf
     7 | D:1      | Noticed a water moccasin
     7 | D:1      | Noticed a rime drake
   300 | D:1      | Reached XP level 2. HP: 26/28 MP: 5/5
   581 | D:1      | Learned a level 2 spell: Sticks to Snakes
   622 | D:1      | Reached skill level 2 in Fighting
   640 | D:1      | Reached XP level 3. HP: 35/35 MP: 5/7
  1456 | D:2      | Reached XP level 4. HP: 31/44 MP: 6/8
  1650 | D:2      | Reached skill level 3 in Fighting
  2120 | D:2      | Learned a level 3 spell: Spider Form
  2721 | D:2      | Reached XP level 5. HP: 53/53 MP: 9/9
  2961 | D:3      | Found a white marble altar of Elyvilon.
  3423 | D:3      | Noticed Sigmund
  3434 | D:3      | Killed Sigmund
  3434 | D:3      | Reached XP level 6. HP: 51/62 MP: 8/11
  3948 | D:3      | Reached skill level 4 in Fighting
  4730 | D:4      | Learned a level 4 spell: Ice Form
  4840 | D:4      | Found Eclint's Antique Weapon Boutique.
  4983 | D:4      | Reached XP level 7. HP: 71/71 MP: 9/13
  5555 | D:5      | Entered Level 5 of the Dungeon
  5570 | D:5      | Reached skill level 5 in Fighting
  5734 | D:5      | Found a hide-covered altar of Uskayaw.
  5737 | D:5      | Noticed a dagger
  5738 | D:5      | Noticed a hand axe
  6045 | D:5      | Reached skill level 5 in Spellcasting
  6103 | D:5      | Reached skill level 5 in Unarmed Combat
  6103 | D:5      | Reached XP level 8. HP: 28/81 MP: 15/15
  6457 | D:5      | Found Kixidduu's Distillery.
  6478 | D:5      | Bought a potion of heal wounds for 55 gold pieces
  6478 | D:5      | Bought a potion of invisibility for 88 gold pieces
  6478 | D:5      | Bought a potion of berserk rage for 55 gold pieces
  6633 | D:5      | Learned a level 5 spell: Blade Hands
  6816 | D:6      | Noticed Menkaure
  6824 | D:6      | Killed Menkaure
  6824 | D:6      | Reached skill level 6 in Fighting
  6845 | D:6      | Reached skill level 5 in Transmutations
  7007 | D:6      | Found a glowing drain.
  7011 | Sewer    | Entered a sewer
  7203 | Sewer    | Found a white marble altar of Elyvilon.
  7343 | D:6      | Reached XP level 9. HP: 79/92 MP: 16/18
  7433 | D:6      | Reached skill level 7 in Fighting
  7496 | D:6      | Found a bloodstained altar of Trog.
  7801 | D:6      | Found a staircase to the Ecumenical Temple.
  7847 | Temple   | Entered the Ecumenical Temple
  7939 | Temple   | Became a worshipper of Warmaster Okawaru
  8883 | D:7      | Noticed Prince Ribbit
  8899 | D:7      | Killed Prince Ribbit
  8899 | D:7      | Reached * piety under Okawaru
  9013 | D:7      | Reached skill level 8 in Fighting
  9074 | D:7      | Reached skill level 1 in Ice Magic
  9200 | D:7      | Found an opulent altar of Gozag.
 10005 | D:8      | Reached XP level 10. HP: 74/106 MP: 16/21
 10236 | D:8      | Found a burning altar of Makhleb.
 10236 | D:8      | Found a shimmering altar of Xom.
 10268 | D:8      | Reached skill level 5 in Dodging
 10461 | D:8      | Reached ** piety under Okawaru
 10930 | D:9      | Found a hazy altar of Hepliaklqana.
 11374 | D:9      | Reached skill level 1 in Invocations
 11680 | D:9      | Reached skill level 9 in Fighting
 11790 | D:10     | Entered Level 10 of the Dungeon
 12269 | D:10     | Noticed an ice statue
 12538 | D:10     | Found a deep blue altar of Sif Muna.
 12623 | D:11     | Found Vidoty's Distillery.
 12657 | D:11     | Bought a potion of haste for 150 gold pieces
 12657 | D:11     | Bought a potion of curing for 45 gold pieces
 12657 | D:11     | Bought a potion of magic for 120 gold pieces
 12671 | D:11     | Noticed a red ugly thing
 12686 | D:11     | Killed a red ugly thing
 12690 | D:11     | Reached *** piety under Okawaru
 13120 | D:11     | Noticed a purple ugly thing
 13140 | D:11     | Killed a purple ugly thing
 13332 | D:11     | Reached XP level 11. HP: 107/117 MP: 20/22
 13458 | D:11     | Noticed a death yak
 13459 | D:11     | Noticed a death yak
 13459 | D:11     | Noticed a brown ugly thing
 13461 | D:11     | Found a staircase to the Lair.
 13461 | D:11     | Noticed a death yak
 13673 | Lair:1   | Entered Level 1 of the Lair of Beasts
 13673 | Lair:1   | Found a snail-covered altar of Cheibriados.
 13793 | Lair:1   | Noticed a seven-headed hydra
 13802 | Lair:1   | Killed a seven-headed hydra
 13802 | Lair:1   | Reached skill level 10 in Fighting
 14248 | Lair:2   | Reached **** piety under Okawaru
 14590 | Lair:2   | Found a hole to the Spider Nest.
 14591 | Lair:2   | Noticed a wolf spider
 14591 | Lair:2   | Noticed a wolf spider
 14599 | Lair:2   | Killed a wolf spider
 14599 | Lair:2   | Reached skill level 5 in Ice Magic
 14602 | Lair:2   | Found a staircase to the Shoals.
 14873 | Lair:2   | Reached skill level 5 in Invocations
 15031 | Lair:2   | Received a gift from Okawaru
 15112 | Lair:2   | Learned a level 3 spell: Regeneration
 15116 | Lair:2   | Learned a level 3 spell: Vampiric Draining
 15120 | Lair:2   | Learned a level 3 spell: Mephitic Cloud
 15267 | Lair:2   | Received a gift from Okawaru
 15479 | Lair:2   | Reached skill level 11 in Fighting
 15511 | Lair:2   | Reached ***** piety under Okawaru
 15618 | Lair:1   | Reached XP level 12. HP: 126/130 MP: 17/23
 16230 | Lair:3   | Noticed a six-headed hydra
 16238 | Lair:3   | Killed a six-headed hydra
 16238 | Lair:3   | Reached skill level 12 in Fighting
 16525 | Lair:3   | Noticed a six-headed hydra
 16534 | Lair:3   | Killed a six-headed hydra
 16534 | Lair:3   | Received a gift from Okawaru
 17540 | Lair:4   | Reached skill level 10 in Unarmed Combat
 17574 | Lair:4   | Noticed Nergalle
 17583 | Lair:4   | Killed Nergalle
 17583 | Lair:4   | Reached skill level 13 in Fighting
 17909 | Lair:4   | Got a distressingly furry robe
 17920 | Lair:4   | Identified the cursed +0 robe of Qatenk {rPois rN++ Int+3} (You found it on level 4 of the Lair of Beasts)
 18589 | Lair:5   | Reached XP level 13. HP: 114/144 MP: 21/24
 19295 | Lair:5   | Found a viscous altar of Jiyva.
 19295 | Lair:5   | Found a staircase to the Slime Pits.
 19333 | Lair:6   | Entered Level 6 of the Lair of Beasts
 19509 | Lair:6   | Reached skill level 14 in Fighting
 19511 | Lair:6   | Reached skill level 10 in Dodging
 19818 | Lair:6   | Received a gift from Okawaru
 19830 | Lair:6   | Reached ****** piety under Okawaru
 20169 | Lair:6   | Reached skill level 15 in Fighting
 20204 | Lair:6   | Received a gift from Okawaru
 20464 | Lair:6   | Reached XP level 14. HP: 141/159 MP: 25/25
 20590 | Lair:6   | Got a twitching lapis lazuli ring
 20591 | Lair:6   | Identified the ring "Usits" {rF+ rC- Dex+3 Stlth-} (You found it on level 6 of the Lair of Beasts)
 22143 | D:12     | Found a staircase to the Orcish Mines.
 22203 | Orc:1    | Entered Level 1 of the Orcish Mines
 22207 | Orc:1    | Found a roughly hewn altar of Beogh.
 22215 | Orc:1    | Noticed a stone giant
 22383 | D:12     | Killed a stone giant
 22589 | Orc:2    | Entered Level 2 of the Orcish Mines
 22589 | Orc:2    | Found a staircase to the Elven Halls.
 22674 | Orc:2    | Noticed George's ghost (journeyman MiFi)
 22675 | Orc:2    | Noticed Nessos
 22686 | Orc:2    | Found Huwaton's Food Emporium.
 22686 | Orc:2    | Found Zaullotz's Jewellery Boutique.
 22686 | Orc:2    | Found Inycumish's Magic Scroll Emporium.
 22701 | Orc:2    | HP: 7/193 [orc knight/enchanted great sword (42)]
 22703 | Orc:2    | Annihilated by an orc knight

Vault maps used:
D:1:      onia_arrival_zoo_common, minmay_box_of_dots
D:2:      kennysheep_big_empty_room
D:3:      first_bread, elyvilon_altar_5, uniq_sigmund
D:4:      serial_shops, nicolae_shop_crystal
D:5:      dancing_weapons_uskayaw, serial_shops, kennysheep_little_box
D:6:      minmay_temple_entry_glassed_door, lightli_sewer_entry_pipes,
          st_stairs_11, hex_tiny, bloody_trog, uniq_menkaure
D:7:      nicolae_gozag_seed_capital, uniq_prince_ribbit1
D:8:      grunt_temple_overflow_champion_of_chaos
D:9:      old_standard_altar
D:10:     lemuel_ice_statue, basic_altar
D:11:     dpeg_lair_monsters, serial_shops, shop_statue,
          hangedman_pestilent_swarm
D:12:     orc_0_dummy, serial_shops, shop
Temple:   minmay_temple_bridge_d
Lair:1:   basic_altar, patterned_corridor
Lair:2:   minmay_shoals_entry_lonely_mermaid, spider_nest_entry_funnel_web,
          special_room
Lair:3:   lemuel_fruit_tree
Lair:4:   uniq_nergalle
Lair:5:   dpeg_slime_entry_enclosed_altar
Lair:6:   minmay_lair_end_frog_pond
Orc:1:    cheibrodos_orc_bank, basic_altar, serial_shops, shop,
          minmay_orc_treasury
Orc:2:    st_orc_elflike, portal_ice_cave_entry_ice_beasts, uniq_nessos
Sewer:    sewer_kobolds

Skill      XL: |  1  2  3  4  5  6  7  8  9 10 11 12 13 14 |
---------------+-------------------------------------------+-----
Transmutations | 2 3 4 5 |  5.6
Unarmed Combat | 3 4 5 6 7 8 10 11 12 | 12.0
Fighting       | 2 3 4 5 6 8 9 11 13 15 | 15.9
Spellcasting   | 3 4 5 6 7 |  7.6
Dodging        | 3 4 6 7 9 10 11 | 11.5
Ice Magic      | 2 4 5 |  5.1
Invocations    | 3 5 |  5.0

Action                   |  1- 3 |  4- 6 |  7- 9 | 10-12 | 13-15 || total
-------------------------+-------+-------+-------+-------+-------++-------
Melee: Unarmed           |   114 |   190 |   444 |   526 |   436 ||  1710
       Headbutt          |     5 |     8 |       |       |       ||    13
       Kick              |     7 |     7 |       |       |       ||    14
       Punch             |     1 |       |     1 |     2 |     3 ||     7
Throw: Stone             |       |     1 |       |       |       ||     1
 Cast: Beastly Appendage |    16 |    12 |       |       |       ||    28
       Sticks to Snakes  |     3 |     6 |       |       |       ||     9
       Spider Form       |       |    20 |    49 |    30 |     7 ||   106
       Ice Form          |       |       |       |    40 |    38 ||    78
       Regeneration      |       |       |       |     2 |     2 ||     4
Invok: Heroism           |       |       |     2 |    23 |    19 ||    44
       Finesse           |       |       |       |       |     4 ||     4
Evoke: Wand              |       |       |       |     4 |       ||     4
  Use: Scroll            |       |     7 |     6 |    17 |    11 ||    41
       Potion            |       |       |     3 |     9 |     4 ||    16
 Stab: Sleeping          |       |     1 |       |       |     1 ||     2
       Invisible         |       |       |       |     2 |       ||     2
       Distracted        |       |       |       |       |     1 ||     1
  Eat: Chunk             |     1 |    11 |    14 |    10 |    12 ||    48
       Bread ration      |     1 |       |       |       |     1 ||     2
       Fruit             |       |       |     1 |       |       ||     1
       Meat ration       |       |       |     1 |     6 |       ||     7
Armor: Robe              |    50 |    29 |    15 |     8 |     1 ||   103
       Skin              |       |     9 |    22 |    71 |    25 ||   127
Dodge: Dodged            |    64 |   118 |   419 |   473 |   392 ||  1466

Table legend:
 A = Spawn XP
 B = Non-spawn XP
 C = Spawn XP percentage of total XP
 D = Spawn monster count
 E = Non-spawn monster count
 F = Spawn count percentage of total count
 G = Total turns spent on level
                    A         B        C        D         E        F      G
               +---------+---------+-------+---------+---------+-------+---------
         Total |    9176 |   57746 |  13.7 |      62 |     435 |  12.5 | 22703
               +---------+---------+-------+---------+---------+-------+---------
           D:1 |       5 |      48 |   9.4 |       2 |      23 |   8.0 |  1258
           D:2 |       1 |     112 |   0.9 |       1 |      30 |   3.2 |  1664
           D:3 |       7 |     316 |   2.2 |       4 |      16 |  20.0 |  1391
           D:4 |      93 |     191 |  32.7 |       4 |      11 |  26.7 |  1242
           D:5 |      97 |     410 |  19.1 |       4 |       8 |  33.3 |  1174
           D:6 |      74 |    1591 |   4.4 |       1 |      44 |   2.2 |  1118
           D:7 |      11 |    1224 |   0.9 |       1 |      27 |   3.6 |  1152
           D:8 |     227 |     988 |  18.7 |       5 |      24 |  17.2 |  1464
           D:9 |      34 |     863 |   3.8 |       1 |      15 |   6.2 |   916
          D:10 |      90 |     876 |   9.3 |       1 |      14 |   6.7 |   780
          D:11 |     790 |    6453 |  10.9 |       5 |      33 |  13.2 |  1932
          D:12 |       0 |    2204 |   0.0 |       0 |       7 |   0.0 |   410
        Lair:1 |       0 |    1340 |   0.0 |       0 |       3 |   0.0 |   672
        Lair:2 |    3325 |    6901 |  32.5 |      13 |      36 |  26.5 |  1925
        Lair:3 |    1841 |    4124 |  30.9 |       9 |      10 |  47.4 |   913
        Lair:4 |     457 |    3807 |  10.7 |       2 |      14 |  12.5 |  1441
        Lair:5 |     606 |    2358 |  20.4 |       4 |      11 |  26.7 |   866
        Lair:6 |    1518 |   21613 |   6.6 |       5 |      86 |   5.5 |  1676
         Orc:1 |       0 |     178 |   0.0 |       0 |       3 |   0.0 |   184
         Orc:2 |       0 |    2028 |   0.0 |       0 |       8 |   0.0 |   114
         Sewer |       0 |     121 |   0.0 |       0 |      12 |   0.0 |   249
               +---------+---------+-------+---------+---------+-------+---------
